 Dungeon Crawl Stone Soup version 0.19-a0-1166-g02d67b9 (webtiles) character file.

2361 Duffy the Cleaver (level 9, -8/81 HPs)
             Began as a Deep Dwarf Berserker on Aug 14, 2016.
             Was an Elder of Trog.
             Engulfed by a cloud of flame (23 damage)
             ... on level 8 of the Dungeon.
             The game lasted 00:09:00 (5369 turns).

Duffy the Cleaver (Deep Dwarf Berserker)            Turns: 5369, Time: 00:09:01

Health: -8/81      AC: 13    Str: 20    XL:     9   Next: 21%
Magic:  13/13      EV: 10    Int:  7    God:    Trog [****..]
Gold:   339        SH:  6    Dex: 15    Spells: 0 memorised, 8 levels left

rFire  . . .     SeeInvis .     y - +0 war axe
rCold  + . .     Gourm    .     r - +0 chain mail
rNeg   . . .     Faith    .     (no shield)
rPois  .         Spirit   .     x - +2 hat
rElec  .         Dismiss  .     D - +0 cloak
rCorr  .         Reflect  +     (no gloves)
MR     +....     Harm     .     (no boots)
Stlth  ..........               I - +6 amulet of reflection
                                K - -2 ring of intelligence (curse)
                                C - ring of protection from cold

@: non-regenerating
A: damage resistance, recharge devices, sense surroundings 2, slow regeneration
3
a: Device Recharging, Berserk, Trog's Hand, Brothers in Arms, Burn Spellbooks,
Renounce Religion


You were on level 8 of the Dungeon.
You worshipped Trog.
Trog was greatly pleased with you.
You were not hungry.

You visited 1 branch of the dungeon, and saw 8 of its levels.

You collected 339 gold pieces.


Innate Abilities, Weirdness & Mutations

You are resistant to damage.
You can recharge devices by infusing magical energy.
You passively map the area around you.
You do not regenerate naturally.


   Skills:
 - Level 5.1 Fighting
 + Level 9.0 Axes
 - Level 5.5 Armour
 - Level 5.4 Dodging
 + Level 6.7 Evocations


You had 8 spell levels left.
You didn't know any spells.

Inventory:

Hand Weapons
 a - a +0 hand axe
 y - a +0 war axe (weapon)
Missiles
 H - 3 curare-tipped needles
Armour
 b - a +0 animal skin
 i - a +0 cloak
 l - a +0 leather armour
 o - a +0 helmet
 p - a +0 ring mail
 r - a +0 chain mail (worn)
 x - a +2 hat (worn)
 D - a +0 cloak (worn)
Jewellery
 h - an uncursed ring of ice
 C - a ring of protection from cold (left hand)
 I - a +6 amulet of reflection (around neck)
 K - a cursed -2 ring of intelligence (right hand)
Wands
 c - a wand of heal wounds (5/9)
 M - a wand of paralysis (5/24)
Scrolls
 e - a scroll of blinking {unknown}
 k - a scroll of remove curse {unknown}
 m - a scroll of random uselessness {unknown}
 t - a scroll of fog
 E - a scroll of enchant armour {unknown}
 G - a scroll of teleportation
 L - a scroll of magic mapping
 O - a scroll of vulnerability
Potions
 g - a potion of cancellation {unknown}
 j - 3 potions of flight {unknown}
 n - 4 potions of lignification {unknown}
 q - a potion of magic {unknown}
 v - a potion of agility {unknown}
 z - a potion of curing {unknown}
 A - a potion of haste {unknown}
 B - 4 potions of heal wounds {unknown}
 J - a potion of ambrosia {unknown}
Comestibles
 d - 7 bread rations
 f - 5 chunks of flesh
 s - a meat ration
 u - 8 slices of pizza
 w - 5 beef jerkies
 F - 14 fruits

Dungeon Overview and Level Annotations

Branches:
Dungeon (8/15)             Temple (0/1) D:7
   Lair: D:8-11

Altars:
Ashenzari
Gozag
Kikubaaqudgha
Makhleb
Nemelex Xobeh
Ru
Uskayaw
Vehumet
Yredelemnul

Shops:
D:6 (


Message History

The quokka misses you.
You hit the quokka but do no damage.
The quokka is heavily wounded.
You block the quokka's attack.
You slash the quokka!
You kill the quokka!
Trog accepts your kill.
Some of the chunks of flesh in your inventory have rotted away.
There is a stone staircase leading down here.
You climb downwards.
Found a leatherbound book.
There is a stone staircase leading up here.
Unknown command.
Unknown command.
Unknown command.
Unknown command.
Unknown command.
Unknown command.
N - a Grand Grimoire
Found 15 bolts.
Found a stone staircase leading down.
An adder comes into view.
The adder hisses angrily.
You see here a glass wand.
An adder is nearby!
You slash the adder!
You kill the adder!
Trog accepts your kill.
No target in view!
No target in view!
No target in view!
No target in view!
No target in view!
No target in view!
No target in view!
No target in view!
No target in view!
No target in view!
No target in view!
No target in view!
Drop what? 41/52 slots (_ for help) (? for menu, Esc to quit)
You drop a Grand Grimoire.
Use which ability? (? or * to list) Burning your own feet might not be such a smart idea!
Use which ability? (? or * to list)
The spellbook bursts into flames.
Trog is delighted!
Really walk into that cloud of flame?
You are engulfed in roaring flames.
You are engulfed in roaring flames.
You are engulfed in roaring flames.
You die...

*** * * *,** * * ,
, ,... , , , * #.#
* , #.# ,, , , * ,
#.# ,, , * , #.# *
, *, * #.# * **
#.# * * * * #@# ,
, , ,, *#.# ,, , ,
#/# , * , # ##.##
, * , ,
#.#...#########..
,* *
#................
, , ,,
#................,
, ,
#........<#######
* , ##.#..##### **
,, ,


There were no monsters in sight!

Action                   |  1- 3 |  4- 6 |  7- 9 || total
-------------------------+-------+-------+-------++-------
Melee: Hand axe          |   135 |   114 |       ||   249
       War axe           |       |    56 |   195 ||   251
Invok: Berserk           |     4 |    10 |     9 ||    23
       Trog's Hand       |       |       |     1 ||     1
       Burn Spellbooks   |       |       |     1 ||     1
 Abil: Device Recharging |       |       |     1 ||     1
Evoke: Wand              |     1 |     1 |     6 ||     8
  Use: Scroll            |       |       |     4 ||     4
 Stab: Sleeping          |     1 |       |       ||     1
       Paralysed         |       |       |     3 ||     3
  Eat: Chunk             |     5 |    15 |    19 ||    39
Armor: Animal skin       |     8 |       |       ||     8
       Leather armour    |     7 |       |       ||     7
       Chain mail        |    36 |    97 |    81 ||   214
Dodge: Dodged            |    92 |    66 |    65 ||   223
Block: Other             |       |       |    44 ||    44
       Reflection        |       |       |     1 ||     1

Notes
Turn   | Place    | Note
-------+----------+-------------------------------------------
     0 | D:1      | Duffy the Deep Dwarf Berserker began the quest for the Orb.
     0 | D:1      | Reached XP level 1. HP: 20/20 MP: 1/1
   133 | D:1      | Reached XP level 2. HP: 27/27 MP: 2/2
   135 | D:1      | Reached skill level 3 in Fighting
   288 | D:1      | Reached ** piety under Trog
   563 | D:1      | Reached XP level 3. HP: 30/34 MP: 3/3
   585 | D:2      | Noticed Robin
   596 | D:2      | Killed Robin
   596 | D:2      | Reached skill level 4 in Axes
  1056 | D:2      | Found a shattered altar of Ashenzari.
  1108 | D:2      | Reached XP level 4. HP: 23/42 MP: 4/4
  1143 | D:2      | Reached skill level 3 in Armour
  1148 | D:2      | Found a faded altar of an unknown god.
  1182 | D:2      | Found a hide-covered altar of Uskayaw.
  1565 | D:3      | Noticed Jessica
  1603 | D:3      | Killed Jessica
  1622 | D:3      | Reached *** piety under Trog
  1622 | D:3      | Reached XP level 5. HP: 38/49 MP: 5/5
  1894 | D:3      | Found a runed door.
  1898 | D:3      | Noticed Crazy Yiuf
  1904 | D:3      | Killed Crazy Yiuf
  1904 | D:3      | Reached skill level 5 in Axes
  1996 | D:3      | Found a burning altar of Makhleb.
  2233 | D:4      | Reached skill level 3 in Dodging
  2385 | D:4      | Noticed Dowan
  2386 | D:4      | Noticed Duvessa
  2396 | D:4      | Killed Duvessa
  2396 | D:4      | Reached skill level 4 in Fighting
  2396 | D:4      | Reached skill level 4 in Armour
  2396 | D:4      | Reached XP level 6. HP: 57/57 MP: 6/6
  2397 | D:4      | Killed Dowan
  2725 | D:4      | Found a basalt altar of Yredelemnul.
  2725 | D:4      | Found an ancient bone altar of Kikubaaqudgha.
  2756 | D:5      | Entered Level 5 of the Dungeon
  2869 | D:5      | Reached XP level 7. HP: 64/64 MP: 7/7
  2940 | D:5      | Reached skill level 6 in Axes
  2940 | D:5      | Reached skill level 4 in Dodging
  3014 | D:5      | Noticed Menkaure
  3021 | D:5      | Killed Menkaure
  3054 | D:5      | Reached **** piety under Trog
  3342 | D:5      | Reached skill level 7 in Axes
  3601 | D:5      | Found an opulent altar of Gozag.
  3657 | D:6      | Found Vevveic's Weapon Shop.
  3663 | D:6      | Reached skill level 5 in Armour
  3663 | D:6      | Reached XP level 8. HP: 39/73 MP: 8/8
  3705 | D:6      | Noticed Blork the orc
  3712 | D:6      | Killed Blork the orc
  3739 | D:6      | Noticed Grinder
  3757 | D:6      | Killed Grinder
  3757 | D:6      | Reached skill level 5 in Fighting
  3757 | D:6      | Reached skill level 5 in Dodging
  4605 | D:7      | Found a staircase to the Ecumenical Temple.
  4669 | D:7      | Found a sparkling altar of Nemelex Xobeh.
  4687 | D:7      | Noticed Prince Ribbit
  4733 | D:7      | Killed Prince Ribbit
  4733 | D:7      | Reached skill level 4 in Evocations
  4771 | D:7      | Found a sacrificial altar of Ru.
  4790 | D:7      | Reached skill level 8 in Axes
  4907 | D:7      | Reached skill level 5 in Evocations
  5029 | D:7      | Found a radiant altar of Vehumet.
  5062 | D:7      | Gained mutation: You passively map the area around you. [Deep Dwarf growth]
  5062 | D:7      | Reached XP level 9. HP: 75/81 MP: 12/12
  5064 | D:7      | Reached skill level 6 in Evocations
  5317 | D:7      | Reached skill level 9 in Axes
  5369 | D:8      | Engulfed by a cloud of flame

Skill      XL: |  1  2  3  4  5  6  7  8  9 |
---------------+----------------------------+-----
Fighting       | 3 4 5 |  5.1
Axes           | 4 5 7 8 9 |  9.0
Armour         | 3 4 5 |  5.5
Dodging        | 3 4 5 |  5.4
Evocations     | 5 6 |  6.7

Vault maps used:
D:1:      tarquinn_simple_flora_water_f
D:2:      lemuel_crystal_altar, marbit_many_paths, ecumenical_altar_1,
          minmay_distorted, uniq_robin
D:3:      wad_pebble_path, lemuel_doored_altar, first_bread,
          uniq_crazy_yiuf_cottage, uniq_jessica
D:4:      gammafunk_temple_overflow_pools, serial_bayou_pond_a, uniq_duvessa
D:5:      st_stairs_12, nicolae_gozag_cash_rules_everything_around_me,
          uniq_menkaure
D:6:      serial_shops, shop, uniq_blork_the_orc, uniq_grinder
D:7:      vehumet_altar_wand_db, nicolae_ru_sacrificial_ziggurat,
          grunt_livestock, nemelex_lonely_heart_becter, uniq_prince_ribbit1
D:8:      kennysheep_mini_moat, kennysheep_little_box, cheibrodos_worm_habitat

Vanquished Creatures
  Prince Ribbit Grinder
  A yak
  A human Menkaure Duvessa
  A black bear
  3 ogres
  A sky beast
  A centaur Blork the orc Dowan
  A scorpion
  A howler monkey
  A crimson imp
  A jelly
  2 hounds
  A gnoll shaman
  An orc priest
  A giant frog skeleton
  2 orc wizards Crazy Yiuf Jessica
  3 iguanas
  3 worker ants
  3 sheep Robin
  5 adders
  5 gnolls
  2 oozes
  An adder skeleton
  3 worms
  3 dart slugs
  3 giant geckos
  3 orcs
  2 giant cockroaches
  11 goblins
  10 hobgoblins
  13 jackals
  11 kobolds
  2 quokkas
  2 ball pythons
  12 bats
  2 giant gecko skeletons
  10 giant newts
  2 jackal zombies
  2 quokka skeletons
  6 rats
147 creatures vanquished.
